 Dungeon Crawl Stone Soup version 0.29-a0-2-g12fcac58f8 (webtiles) character file.

Game seed: 1600200562833764405

260 testman the Scholar (level 5, -6/41 HPs)
             Began as a Demonspawn Monk on Jan 26, 2022.
             Was an Elder of Sif Muna.
             Mangled by a worm (9 damage)
             ... on level 4 of the Dungeon.
             The game lasted 00:12:01 (4253 turns).

testman the Scholar (Demonspawn Monk)               Turns: 4253, Time: 00:12:01

Health: -6/41      AC: 10    Str: 11    XL:     5   Next: 95%
Magic:  9/10       EV: 13    Int: 13    God:    Sif Muna [****..]
Gold:   151        SH:  5    Dex: 25    Spells: 10/10 levels left

rFire   . . .      SeeInvis .   s - +0 dagger (venom)
rCold   . . .      Faith    .   t - +0 buckler
rNeg    + . .      Spirit   .   v - +0 leather armour
rPois   .          Reflect  .   p - +0 helmet
rElec   .          Harm     .   (no cloak)
rCorr   .          Rampage  +   (no gloves)
Will    .....                   u - +1 pair of boots of Grace {Rampage +Inv rN+ Dex+3}
Stlth   ++........              (no amulet)
HPRegen 0.13/turn               n - +6 ring of dexterity
MPRegen 0.12/turn               m - +4 ring of protection

@: no status effects
A: sturdy frame 1, condensation shield, demonic touch 1
a: Renounce Religion, Evoke Invisibility, Channel Magic, Forget Spell, Divine
Exegesis


You were on level 4 of the Dungeon.
You worshipped Sif Muna.
Sif Muna was greatly pleased with you.
You visited 1 branch of the dungeon, and saw 4 of its levels.

You collected 151 gold pieces.

Inventory:

Hand Weapons
 a - a +0 short sword
 h - a +0 hunting sling
 r - a +0 rapier
 s - a +0 dagger of venom (weapon)
Missiles
 f - 152 stones (quivered)
Armour
 p - a +0 helmet (worn)
 t - a +0 buckler (worn)
 u - the +1 pair of boots of Grace (worn) {Rampage +Inv rN+ Dex+3}
   (You found it on level 3 of the Dungeon)

   Dex:       It affects your dexterity (+3).
   rN:        It protects you from negative energy.
   +Inv:      It lets you turn invisible.
   Rampage:   It bestows one free step when moving towards enemies.
 v - a +0 leather armour (worn)
Jewellery
 g - a ring of magical power
 m - a +4 ring of protection (right hand)
 n - a +6 ring of dexterity (left hand)
Scrolls
 b - a scroll of vulnerability {unknown}
 c - a scroll of magic mapping {unknown}
 i - 2 scrolls of immolation {unknown}
 j - 5 scrolls of teleportation
Potions
 d - a potion of resistance {unknown}
 e - 3 potions of curing
 k - a potion of might {unknown}
 l - a potion of brilliance {unknown}
 o - a potion of heal wounds {unknown}
 q - a potion of magic {unknown}


   Skills:
 - Level 3.1 Fighting
 - Level 3.0 Short Blades
 - Level 2.6 Dodging
 - Level 1.7 Stealth
 + Level 3.4 Spellcasting
 + Level 5.1 Invocations


You had 10 spell levels left.
You didn't know any spells.
Your spell library contained the following spells:

 Spells                   Type           Power      Damage    Failure   Level
 Beastly Appendage        Tmut           4%         N/A       32%         1
 Wereblood                Tmut           2%         N/A       43%         2
 Spider Form              Tmut/Pois      2%         N/A       67%         3
 Dispersal                Tloc           1%         N/A       100%        6
 Disjunction              Tloc           1%         N/A       100%        8


Dungeon Overview and Level Annotations

Branches:
Dungeon (4/15)
 Temple: D:4-7

Altars:
Kikubaaqudgha
Sif Muna
The Shining One

Shops:
D:4 *(


Innate Abilities, Weirdness & Mutations

Your movements are slightly less encumbered by armour. (ER -2)
A meltable shield of frost defends you. (SH +0)
Your touch may inflict minor irresistible damage on your foes.


Message History

Blork the orc looks as sick as possible!
Blork the orc is lightly wounded.
Blork the orc zaps a wand.
The puff of flame hits you.
Your condensation shield dissipates!
* * * LOW HITPOINT WARNING * * *
You closely miss Blork the orc.
Blork the orc is lightly wounded.
You hit Blork the orc.
Blork the orc looks as sick as possible!
Blork the orc is moderately wounded.
Blork the orc barely misses you.
You hit Blork the orc.
Blork the orc looks as sick as possible!
Blork the orc is heavily wounded.
Blork the orc hits you with a +0 dire flail.
* * * LOW HITPOINT WARNING * * *
You hit Blork the orc.
Blork the orc looks as sick as possible!
Blork the orc is severely wounded.
Blork the orc zaps a wand.
The puff of flame hits you but does no damage.
The worm bites you but does no damage.
You hit the worm.
The worm is poisoned.
The worm is moderately wounded.
Blork the orc barely misses you.
You completely miss the worm.
The worm is moderately wounded.
You kill Blork the orc!
Sif Muna accepts your kill. The worm closely misses you.
Your Invocations skill increases to level 5!
You hit the worm but do no damage.
The worm looks as sick as possible!
The worm is lightly wounded.
The worm closely misses you.
You hit the worm.
The worm is moderately wounded.
You hit the worm.
The worm looks as sick as possible!
The worm is heavily wounded.
The worm bites you!
You die...

...#..#.....#.../.
.....#...........###....
.............)..........
.....................<..
.....#................#.
>................>......
........................
.....# #........#)......
.....# #..#.....@w.#
...######.##.?.###.#
..........##...# #
....##.##.....##
.#..#####.#####
###..##.#.. #..........
####.......##
.##......#.#


You could see a worm (extremely poisoned).

Vanquished Creatures
  Blork the orc (D:4)
  An orc wizard (D:3)
  Robin (D:3)
  2 gnolls (D:4)
  3 adders
  2 worms (D:3)
  3 dart slugs
  6 orcs
  10 ball pythons
  5 bats
  11 endoplasms
  7 giant cockroaches
  12 goblins
  4 hobgoblins
  6 kobolds
  3 quokkas
  A frilled lizard (D:3)
  6 rats
84 creatures vanquished.

Notes
Turn   | Place    | Note
-------+----------+-------------------------------------------
     0 | D:1      | testman the Demonspawn Monk began the quest for the Orb.
     0 | D:1      | Reached XP level 1. HP: 18/18 MP: 1/1
    63 | D:1      | Found a faded altar of an unknown god.
    85 | D:1      | Prayed at the altar of an unknown god.
    85 | D:1      | Became a worshipper of Sif Muna the Loreminder
    85 | D:1      | Reached * piety under Sif Muna
    85 | D:1      | Reached ** piety under Sif Muna
   313 | D:1      | Gained mutation: A meltable shield of frost defends you.
                  | (SH +0) [demonic ancestry]
   313 | D:1      | Reached XP level 2. HP: 19/24 MP: 2/2
   418 | D:1      | Reached skill level 1 in Invocations
   460 | D:1      | Reached *** piety under Sif Muna
   524 | D:1      | Reached skill level 1 in Spellcasting
   904 | D:1      | Reached skill level 2 in Invocations
   904 | D:1      | Reached XP level 3. HP: 26/29 MP: 4/4
  2502 | D:3      | Reached skill level 3 in Invocations
  2509 | D:3      | Gained mutation: Your touch may inflict minor irresistible
                  | damage on your foes. [demonic ancestry]
  2509 | D:3      | Reached XP level 4. HP: 19/35 MP: 5/7
  2745 | D:3      | Identified the +1 pair of boots of Grace {Rampage +Inv rN+
                  | Dex+3}
  2875 | D:3      | Noticed Robin
  2887 | D:3      | Killed Robin
  2943 | D:3      | Reached **** piety under Sif Muna
  3354 | D:3      | Reached skill level 4 in Invocations
  3360 | D:3      | Gained mutation: Your movements are slightly less
                  | encumbered by armour. (ER -2) [demonic ancestry]
  3360 | D:3      | Reached XP level 5. HP: 38/41 MP: 7/9
  3871 | D:3      | Found an ancient bone altar of Kikubaaqudgha.
  4039 | D:4      | Found Hotaro's Assorted Antiques.
  4054 | D:4      | Found Xokhanuo's Weapon Boutique.
  4236 | D:4      | Noticed Blork the orc
  4250 | D:4      | Killed Blork the orc
  4251 | D:4      | Reached skill level 5 in Invocations
  4253 | D:4      | Mangled by a worm

Illustrated notes

Levels and vault maps discovered:
D:1:      amcnicky_arrival_feature_with_door, layout_loops_corners,
          shapermc_ecumenical_altar_starsandcircs, minmay_worlds_worst_comb
D:2:      minmay_spotlight, layout_basic, grunt_ministairs_4
D:3:      layout_basic, kiku_gazebo_pond_becter, uniq_robin
D:4:      layout_cave_pools, mainiacjoe_overflow_alcove_1, serial_shops, shop,
          kennysheep_mini, nicolae_shop_temple_entry_statues_fountains,
          nicolae_lakefront_shop, nicolae_shop_trees, kennysheep_generic_room_5,
          uniq_blork_the_orc

Skill      XL: |  1  2  3  4  5 |
---------------+----------------+-----
Short Blades   | 3 |  3.0
Invocations    | 2 3 4 5 |  5.1
Spellcasting   | 1 2 3 |  3.4
Fighting       | |  3.1
Dodging        | |  2.6
Stealth        | |  1.7

Action                   |  1- 3 |  4- 6 || total
-------------------------+-------+-------++-------
Melee: Short sword       |   131 |       ||   131
       Rapier            |    24 |    33 ||    57
       Punch             |     3 |       ||     3
       Dagger            |       |    61 ||    61
       Touch             |       |     4 ||     4
  Use: Scroll            |       |     3 ||     3
 Stab: Sleeping          |    12 |    10 ||    22
Armor: Robe              |    42 |    13 ||    55
       Leather armour    |       |     6 ||     6
Dodge: Dodged            |    73 |    31 ||   104
Block: Other             |    16 |     6 ||    22
       Buckler           |       |    13 ||    13

Table legend: (Time is in decaauts)
 A = Elapsed time spent in this place.
 B = Non-inter-level travel time spent in this place.
 C = Inter-level travel time spent in this place.
 D = Time resting spent in this place.
 E = Time spent auto-exploring this place.
 F = Levels seen in this place.
 G = Mean time per level.
                   A        B        C        D        E       F      G
               +--------+--------+--------+--------+--------+-----+--------+
         Total |   4241 |   3960 |    281 |      0 |   3313 |   4 | 1060.2 |
       Dungeon |   4241 |   3960 |    281 |      0 |   3313 |   4 | 1060.2 |
               +--------+--------+--------+--------+--------+-----+--------+

Top non-repeatable levels by time:
     D:2: 1440 daAuts
     D:3: 1396 daAuts
     D:1: 1184 daAuts
     D:4: 220 daAuts
